 Dungeon Sprint DCSS version 0.21.1-1-g345015f (webtiles) character file.

208 doot the Basher (level 7, -7/76 HPs)
             Began as a Troll Berserker on June 5, 2018.
             Was a High Priest of Trog.
             Killed from afar by a naga mage (33 damage)
             ... with a poison arrow
             ... in the Dungeon (Sprint VI: "Thunderdome").
             The game lasted 00:09:23 (674 turns).

doot the Basher (Troll Berserker)                    Turns: 674, Time: 00:09:24

Health: -7/76      AC:  7    Str: 32    XL:     7   Next: 42%
Magic:  2/2        EV: 10    Int: 11    God:    Trog [*****.]
Gold:   35         SH:  0    Dex: 14    Spells: 6/6 levels left

rFire    x . .     SeeInvis .   u - +6 giant spiked club (antimagic)
rCold    . . .     Gourm    +   (shield currently unavailable)
rNeg     . . .     Faith    +   s - +0 troll leather armour
rPois    .         Spirit   .   (helmet restricted)
rElec    .         Reflect  .   (no cloak)
rCorr    .         Harm     .   (gloves unavailable)
MR       ++...     NoTele   +   (boots unavailable)
Stlth    +++.......             p - amulet "Veiwer" {Faith -Tele MR+ Stlth+}
HPRegen  1.02/turn              n - ring of Diocet {+Fly rF- Int+8 Dex+4 Slay+3}
MPRegen  0.08/turn              o - ring "Muex" {MR+ Str+5}

@: lethally poisoned (-7 -> -8), constricted
A: large, unfitting armour, claws 3, fast metabolism 3, gourmand, regeneration
1, shaggy fur 1, tough skin 2
a: Berserk, Trog's Hand, Brothers in Arms, Burn Spellbooks, Renounce Religion,
Evoke Flight


You were in the Dungeon.
You worshipped Trog.
Trog was extremely pleased with you.
You were not hungry.

You visited 1 branch You collected 500 gold pieces.
You spent 465 gold pieces at shops.

Inventory:

Hand Weapons
 a - a +0 mace
 t - a +5 antimagic dire flail
 u - a +6 antimagic giant spiked club (weapon)
Missiles
 r - 2 javelins of penetration (quivered)
Armour
 b - a +0 animal skin
 s - a +0 troll leather armour (worn)
Jewellery
 n - the ring of Diocet (left claw) {+Fly rF- Int+8 Dex+4 Slay+3}
   (You bought it in a shop in the Dungeon)

   [ring of flight]

   It affects your intelligence (+8).
   It affects your dexterity (+4).
   It affects your accuracy and damage with ranged weapons and melee attacks
   (+3).
   It makes you vulnerable to fire.
   It lets you fly.
 o - the ring "Muex" (right claw) {MR+ Str+5}
   (You bought it in a shop in the Dungeon)

   [ring of protection from magic]

   It affects your strength (+5).
   It affects your resistance to hostile enchantments.
 p - the amulet "Veiwer" (around neck) {Faith -Tele MR+ Stlth+}
   (You bought it in a shop in the Dungeon)

   [amulet of faith]

   It allows you to gain divine favour quickly.
   It affects your resistance to hostile enchantments.
   It prevents most forms of teleportation.
   It makes you more stealthy.
Wands
 j - a wand of acid (5)
 k - a wand of iceblast (5)
Scrolls
 i - 4 scrolls of blinking
 l - 3 scrolls of fog
 q - 3 scrolls of identify
Potions
 d - a potion of curing
 e - 4 potions of heal wounds
 f - 4 potions of haste
 g - 2 potions of magic
 h - a potion of berserk rage
 m - a potion of resistance
Comestibles
 c - 2 rations


   Skills:
 + Level 6.7 Fighting
 * Level 11.4 Maces & Flails
 + Level 1.9 Armour
 + Level 6.2 Dodging
 - Level 1.2 Stealth


You had 6 spell levels left.
You didn't know any spells.

Dungeon Overview and Level Annotations

Branches:
Dungeon (1/1)

Altars:
Cheibriados
Dithmenos
Fedhas
Gozag
Kikubaaqudgha
Makhleb
Okawaru
Qazlal
Ru
Sif Muna
Trog
Uskayaw
Vehumet
Wu Jian
Xom
Yredelemnul
Zin
The Shining One
Beogh
Jiyva
Lugonu

Shops:
D *[%??*?*:[((!!!!


Innate Abilities, Weirdness & Mutations

You are too large for most types of armour.
You have claws for hands.
Your metabolism is lightning-fast.
You like to eat raw meat.
Your natural rate of healing is unusually fast.
You are covered in fur. (AC +1)
You have very tough skin. (AC +2)


Message History

The giant anaconda constricts you.
The naga mage casts a spell.
The naga mage seems to speed up.
You completely miss the giant anaconda.
The giant anaconda is moderately wounded.
The giant anaconda bites you. The giant anaconda constricts you.
The giant anaconda bites you! The giant anaconda constricts you.
Unknown command.
Your ogre goes berserk!
You feel quite a bit more hungry.
The giant anaconda bites you but does no damage.
The giant anaconda constricts you. The giant anaconda bites you!
The giant anaconda constricts you.
You barely miss the giant anaconda.
The giant anaconda is moderately wounded.
The giant anaconda barely misses you. The giant anaconda constricts you.
The naga mage gestures at you while chanting.
The poison arrow hits you!
You are poisoned.
You die...

#_÷.... ###......
#⌠.......
######.8.[....
##∩___......###
###∩........8.# #
##..N..........###
#⌠..........###...
#@S.[.....[.# #.<.
#⌠O.........###...
##.............###
###∩........8.# #
##∩__.......###
######.8......
#⌠.......
###...... #_.....


You could see a giant anaconda, a naga mage and a friendly ogre (berserk).

Vanquished Creatures
  3 wraiths (D)
  A wight (D)
  6 orc priests (D)
  Jessica (D)
  Terence (D)
  2 river rats (D)
  2 quokkas (D)
  A frilled lizard (D)
  3 rats (D)
  A spectral jackal (D)
  A spectral quokka (D)
22 creatures vanquished.

Notes
Turn   | Place    | Note
-------+----------+-------------------------------------------
     0 | D        | doot the Troll Berserker began the quest for the Orb.
     0 | D        | Reached XP level 1. HP: 22/22 MP: 0/0
     1 | D        | Found a burning altar of Makhleb.
     1 | D        | Found a roughly hewn altar of Beogh.
     2 | D        | Found an iron altar of Okawaru.
     2 | D        | Found a deep blue altar of Sif Muna.
     3 | D        | Found a basalt altar of Yredelemnul.
     3 | D        | Found a viscous altar of Jiyva.
     4 | D        | Found Zutusky's Delicious Food.
     4 | D        | Found a shadowy altar of Dithmenos.
     4 | D        | Found Peppul's Identification Station.
     5 | D        | Found Riyczumiqi's Jewellery.
     5 | D        | Found Apuc's Advanced Armour.
     5 | D        | Round 1.
    13 | D        | Bought a transparent turquoise ring for 45 gold pieces
    13 | D        | Bought a slimy pewter ring for 45 gold pieces
    13 | D        | Bought a sparkling bronze amulet for 45 gold pieces
    13 | D        | Identified the ring of Diocet {+Fly rF- Int+8 Dex+4 Slay+3} (You bought it in a shop in the Dungeon)
    14 | D        | Identified the amulet "Veiwer" {Faith -Tele MR+ Stlth+} (You bought it in a shop in the Dungeon)
    15 | D        | Identified the ring "Muex" {MR+ Str+5} (You bought it in a shop in the Dungeon)
    18 | D        | Noticed Jessica
    22 | D        | Killed Jessica
    22 | D        | Reached skill level 4 in Maces & Flails
    22 | D        | Reached XP level 2. HP: 32/32 MP: 1/1
    24 | D        | Found a snail-covered altar of Cheibriados.
    25 | D        | Found a shimmering altar of Xom.
    27 | D        | Found an opulent altar of Gozag.
    27 | D        | Found an ornate altar of the Wu Jian Council.
    28 | D        | Found a stormy altar of Qazlal.
    28 | D        | Found a bloodstained altar of Trog.
    28 | D        | Found Ymaewuakh's Premium Goods.
    28 | D        | Found Buakiav's Weapon Rack.
    29 | D        | Found Onirroer's Miscellaneous Merchandise.
    29 | D        | Found Tekkaer's Basic Armour.
    35 | D        | Reached ** piety under Trog
    40 | D        | Found a glowing golden altar of the Shining One.
    41 | D        | Found a corrupted altar of Lugonu.
    42 | D        | Found a radiant altar of Vehumet.
    43 | D        | Found Lorphigh's Do-It-Yourself Clinic.
    44 | D        | Found Mebbuh's Bottled Wisdom.
    44 | D        | Found Foguen's Distillery.
    45 | D        | Found a sacrificial altar of Ru.
    45 | D        | Found a hide-covered altar of Uskayaw.
    45 | D        | Found Ziob's Distillery.
   126 | D        | Found a glowing silver altar of Zin.
   127 | D        | Found an ancient bone altar of Kikubaaqudgha.
   128 | D        | Found a blossoming altar of Fedhas.
   129 | D        | Found Suran's Staff Store.
   130 | D        | Found Vuicwoar's Magic Scroll Shop.
   130 | D        | Found Qoatack's Must-Have Magic.
   130 | D        | Found Weazxal's Magic Scroll Shop.
   141 | D        | Noticed Terence
   152 | D        | Killed Terence
   152 | D        | Reached skill level 5 in Maces & Flails
   152 | D        | Reached XP level 3. HP: 39/39 MP: 2/2
   171 | D        | Noticed a scorpion
   174 | D        | Noticed Sigmund
   187 | D        | Arena points: 5 (+5) [x1]
   202 | D        | Round 2.
   252 | D        | Reached *** piety under Trog
   275 | D        | Reached **** piety under Trog
   275 | D        | Reached XP level 4. HP: 15/48 MP: 3/3
   309 | D        | Arena points: 33 (+28) [x2]
   347 | D        | Round 3.
   358 | D        | Received a gift from Trog
   358 | D        | Reached skill level 6 in Maces & Flails
   394 | D        | Reached ***** piety under Trog
   394 | D        | Reached skill level 5 in Fighting
   394 | D        | Reached skill level 7 in Maces & Flails
   394 | D        | Reached XP level 5. HP: 22/57 MP: 4/4
   411 | D        | Reached skill level 5 in Dodging
   419 | D        | Reached skill level 8 in Maces & Flails
   420 | D        | Arena points: 96 (+63) [x3]
   433 | D        | Bought a +0 troll leather armour for 180 gold pieces
   477 | D        | Round 4.
   478 | D        | Noticed a wraith
   488 | D        | Killed a wraith
   488 | D        | Received a gift from Trog
   488 | D        | Reached skill level 10 in Maces & Flails
   488 | D        | Reached skill level 1 in Armour
   488 | D        | Reached XP level 6. HP: 45/67 MP: 5/5
   562 | D        | Noticed a wraith
   569 | D        | Killed a wraith
   569 | D        | Reached skill level 1 in Stealth
   569 | D        | Reached XP level 7. HP: 74/76 MP: 2/6
   578 | D        | Noticed a wraith
   590 | D        | Killed a wraith
   590 | D        | Received a gift from Trog
   590 | D        | Arena points: 208 (+112) [x4]
   590 | D        | Reached skill level 11 in Maces & Flails
   628 | D        | Bought 3 scrolls of identify for 150 gold pieces
   644 | D        | Round 5.
   661 | D        | Noticed a giant anaconda
   664 | D        | Noticed a naga mage
   674 | D        | Killed from afar by a naga mage

Skill      XL: |  1  2  3  4  5  6  7 |
---------------+----------------------+-----
Fighting       | 3 4 5 6 |  6.7
Maces & Flails | 4 5 7 10 11 | 11.4
Dodging        | 3 4 5 6 |  6.2
Armour         | 1 |  1.9
Stealth        | 1 |  1.2

Action                   |  1- 3 |  4- 6 |  7- 9 || total
-------------------------+-------+-------+-------++-------
Melee: Mace              |    20 |    44 |       ||    64
       Dire flail        |       |    10 |     3 ||    13
       Giant spiked club |       |       |     4 ||     4
Invok: Berserk           |     1 |     1 |       ||     2
       Brothers in Arms  |       |       |     1 ||     1
  Eat: Chunk             |     1 |     6 |       ||     7
Armor: Animal skin       |     4 |     5 |       ||     9
       Troll leather arm |       |     1 |     3 ||     4
Dodge: Dodged            |     6 |    18 |     5 ||    29
